 Dungeon Crawl Stone Soup version 0.31-a0-1-g4198be8af4 (webtiles) character file.

Game seed: 2926518096810211964

650 jasper the Purveyor of Pain (level 7, -2/46 HPs)
             Began as a Demonspawn Necromancer on May 1, 2023.
             Was an Initiate of Kikubaaqudgha.
             Slain by an ice beast (7 damage)
             ... on level 6 of the Dungeon.
             The game lasted 00:05:56 (5075 turns).

jasper the Purveyor of Pain (DsNe)                  Turns: 5075, Time: 00:05:56

Health: -2/46      AC:  9    Str:  8    XL:     7   Next: 28%
Magic:  10/10      EV: 11    Int: 18    God:    Kikubaaqudgha [......]
Gold:   336        SH:  6    Dex: 14    Spells: 1/10 levels left

rFire   . . .        x - +4 flail (heavy)
rCold   . . .        g - +1 buckler {AC+3}
rNeg    . . .        a - +0 robe
rPois   .            f - +0 helmet
rElec   .            (no cloak)
rCorr   .            u - +0 pair of gloves
SInv    .            (no boots)
Will    .....        (no amulet)
Stlth   ++           (no ring)
HPRegen 0.27/turn    (no ring)
MPRegen 0.24/turn

%: no passive effects
@: no status effects
A: icy blue scales 1, magic regeneration
a: Renounce Religion


You were on level 6 of the Dungeon.
You worshipped Kikubaaqudgha.
Kikubaaqudgha was noncommittal.
You visited 2 branches of the dungeon, and saw 7 of its levels.

You collected 336 gold pieces.

Inventory:

Hand Weapons
 c - a +0 dagger
 s - a +2 short sword of protection
 x - a +4 heavy flail (weapon)
Armour
 a - a +0 robe (worn)
 f - a +0 helmet (worn)
 g - a +1 buckler of protection (worn)
 u - a +0 pair of gloves (worn)
Jewellery
 j - a ring of ice
Scrolls
 h - 3 scrolls of teleportation
 r - 2 scrolls of fog
 t - 2 scrolls of noise
Potions
 b - a potion of magic
 d - 2 potions of flight
 e - a potion of heal wounds
 i - a potion of brilliance {unknown}
 n - 2 potions of lignification {unknown}
 o - a potion of might {unknown}
 p - a potion of ambrosia {unknown}
 v - a potion of attraction {unknown}
 z - a potion of haste {unknown}


   Skills:
 - Level 1.7 Dodging
 - Level 1.7 Stealth
 - Level 5.2 Shields
 - Level 2.0 Spellcasting
 + Level 7.3 Necromancy


You had one spell level left.
You knew the following spells:

 Your Spells              Type           Power      Damage    Failure   Level
a - Blink                 Tloc           2%         N/A       36%         2
b - Vampiric Draining     Necr           28%        2d8       3%          3
c - Animate Dead          Necr           28%        N/A       13%         4

Your spell library contained the following spells:

 Spells                   Type           Power      Damage    Failure   Level
 Necrotise                Necr           100%       1d9       1%          1
 Freeze                   Ice            4%         1d3       26%         1
 Sting                    Tmut/Pois      4%         1d3       26%         1
 Agony                    Necr           28%        N/A       34%         5
 Lesser Beckoning         Tloc           2%         N/A       36%         2
 Momentum Strike          Conj/Tloc      2%         3d8       36%         2
 Poisonous Vapours        Pois/Air       2%         N/A       36%         2
 Frozen Ramparts          Ice            2%         1d1       61%         3
 Hailstorm                Conj/Ice       1%         3d3       61%         3
 Mephitic Cloud           Conj/Pois/Air  1%         N/A       61%         3
 Portal Projectile        Hex/Tloc       2%         N/A       61%         3
 Tukima's Dance           Hex            1%         N/A       61%         3
 Olgreb's Toxic Radiance  Pois           1%         N/A       95%         4
 Blade Hands              Tmut           0%         N/A       100%        5
 Freezing Cloud           Conj/Ice/Air   0%         6-21      100%        5


Dungeon Overview and Level Annotations

Branches:
Dungeon (6/15)             Temple (1/1) D:4

Altars:
Ashenzari
Cheibriados
Dithmenos
Fedhas
Gozag
Hepliaklqana
Kikubaaqudgha
Makhleb
Okawaru
Qazlal
Ru
Sif Muna
Trog
Vehumet
Wu Jian
Xom
Yredelemnul

Shops:
D:5 [


Innate Abilities, Weirdness & Mutations

You are partially covered in icy blue scales. (AC +2)
You regenerate magic rapidly.


Message History

An ice beast comes into view.
Health restored: 46 An ice beast is nearby!
An ice beast is nearby!
You block the ice beast's attack.
The ice beast hits you but does no damage.
You barely miss the ice beast.
The ice beast hits you but does no damage.
You block the ice beast's attack. The ice beast hits you.
The ice beast freezes you!
You take 10 damage, and have 36/46 hp.
MASSIVE DAMAGE!!
You hit the ice beast.
The ice beast is lightly wounded.
The ice beast misses you.
The ice beast hits you but does no damage.
You hit the ice beast but do no damage.
The ice beast is lightly wounded.
You block the ice beast's attack. x2
You closely miss the ice beast.
The ice beast is lightly wounded.
The ice beast hits you but does no damage. x2
You sock the ice beast!
The ice beast is severely wounded.
The ice beast hits you. The ice beast freezes you! The ice beast hits you.
The ice beast freezes you.
You take 19 damage, and have 19/46 hp.
MASSIVE DAMAGE!!
You closely miss the ice beast.
The ice beast is severely wounded.
The ice beast closely misses you.
The ice beast hits you but does no damage.
You completely miss the ice beast.
The ice beast is severely wounded.
The ice beast hits you. The ice beast freezes you!
* * * LOW HITPOINT WARNING * * *
The ice beast hits you but does no damage.
The ice beast hits you.
* * * LOW HITPOINT WARNING * * *
The ice beast freezes you!
You die...
Kikubaaqudgha rasps: "You have failed me!
Welcome... death!"

##.## ... ##...##########.#
#............##.#
#....#######.##.#
#.#.........†.#.#
#.##########..#.#
######.###### #..#.#
..........Y..#####..#.#####
######....@................
##.##########..####### #.#
#..# #.. ....# ### ######


You could see an ice beast.

Vanquished Creatures
  Grinder (D:4)
  A water moccasin (D:5)
  A jelly (D:4)
  A hound (D:5)
  3 orc priests (D:4)
  An iguana (D:4)
  9 adders
  A shadow imp (D:5)
  2 ufetubi
  11 orcs
  3 endoplasms
  2 giant cockroaches
  4 goblins
  4 hobgoblins (D:1)
  4 jackals (D:2)
  6 kobolds
  3 quokkas
  A ball python (D:4)
  2 bats
  3 frilled lizards
  6 rats
69 creatures vanquished.

Vanquished Creatures (collateral kills)
  An adder (D:3)
  An orc (D:3)
2 creatures vanquished.

Grand Total: 71 creatures vanquished

Notes
Turn   | Place    | Note
-------+----------+-------------------------------------------
     0 | D:1      | jasper the Demonspawn Necromancer began the quest for the
                  | Orb.
     0 | D:1      | Reached XP level 1. HP: 13/13 MP: 3/3
   521 | D:1      | Gained mutation: You are partially covered in icy blue
                  | scales. (AC +2) [demonic ancestry]
   521 | D:1      | Reached XP level 2. HP: 19/19 MP: 0/5
   613 | D:1      | Reached skill level 5 in Necromancy
   842 | D:1      | Identified a scroll of acquirement
   842 | D:1      | Acquired a +0 buckler of protection
   921 | D:2      | Reached skill level 1 in Shields
   985 | D:2      | Reached XP level 3. HP: 14/24 MP: 1/6
  1863 | D:3      | Reached XP level 4. HP: 30/30 MP: 3/7
  2327 | D:3      | Found a bloodstained altar of Trog.
  2387 | D:3      | Found a faded altar of an unknown god.
  2390 | D:3      | Found a burning altar of Makhleb.
  2710 | D:4      | Found an iron altar of Okawaru.
  2716 | D:4      | Noticed Grinder
  2729 | D:4      | Paralysed by Grinder for 3 turns
  2759 | D:4      | Paralysed by Grinder for 5 turns
  2772 | D:4      | Killed Grinder
  2773 | D:4      | Reached skill level 5 in Shields
  2773 | D:4      | Reached XP level 5. HP: 25/35 MP: 8/8
  2773 | D:4      | Reached XP level 6. HP: 29/41 MP: 9/9
  2781 | D:4      | Learned a level 3 spell: Vampiric Draining
  2786 | D:4      | Learned a level 4 spell: Animate Dead
  3000 | D:4      | Reached skill level 6 in Necromancy
  3103 | D:4      | Found a staircase to the Ecumenical Temple.
  3148 | Temple   | Entered the Ecumenical Temple
  3244 | Temple   | Became a worshipper of Kikubaaqudgha
  3685 | D:5      | Entered Level 5 of the Dungeon
  3961 | D:5      | Noticed a water moccasin
  3974 | D:5      | Killed a water moccasin
  3975 | D:5      | Reached skill level 7 in Necromancy
  3975 | D:5      | Gained mutation: You regenerate magic rapidly. [demonic
                  | ancestry]
  3975 | D:5      | Reached XP level 7. HP: 25/46 MP: 0/10
  4246 | D:5      | Found Zuodgha's Armour Boutique.
  4993 | D:5      | Learned a level 2 spell: Blink
  5075 | D:6      | Slain by an ice beast

Illustrated notes

Levels and vault maps discovered:
D:1:      dpeg_arrival_short_road, layout_basic, nicolae_figureground_sparkle
D:2:      layout_loops_ring
D:3:      layout_basic, nicolae_overflow_ecumenical_swirl,
          lemuel_coloured_pillars_altar, nicolae_half_adder
D:4:      layout_rooms, mainiacjoe_overflow_large_starburst,
          minmay_temple_entry_large_hall, uniq_grinder
D:5:      layout_layer_cave, serial_shops, kennysheep_mini,
          mrwooster_statue_mirror
D:6:      layout_loops_ring
Temple:   minmay_temple_bridge_d

Skill      XL: |  1  2  3  4  5  6 |
---------------+-------------------+-----
Necromancy     | 5 7 |  7.3
Shields        | 1 2 5 |  5.2
Dodging        | |  1.7
Stealth        | |  1.7
Spellcasting   | |  2.0

Action                     |  1- 3 |  4- 6 |  7- 9 || total
---------------------------+-------+-------+-------++-------
  Melee: Dagger            |    24 |       |       ||    24
         Short sword       |       |    78 |       ||    78
         Flail             |       |    16 |    25 ||    41
   Cast: Necrotise         |    56 |    44 |       ||   100
         Vampiric Draining |       |     7 |     3 ||    10
    Use: Scroll            |     3 |     1 |    10 ||    14
 Armour: Robe              |    14 |    39 |    41 ||    94
  Dodge: Dodged            |    18 |    51 |    51 ||   120
  Block: Buckler           |     2 |    23 |    26 ||    51

Table legend: (Time is in decaauts)
 A = Elapsed time spent in this place.
 B = Non-inter-level travel time spent in this place.
 C = Inter-level travel time spent in this place.
 D = Time resting spent in this place.
 E = Time spent auto-exploring this place.
 F = Levels seen in this place.
 G = Mean time per level.
                   A        B        C        D        E       F      G
               +--------+--------+--------+--------+--------+-----+--------+
         Total |   5125 |   4872 |    253 |     77 |   4120 |   7 |  732.1 |
       Dungeon |   4955 |   4799 |    156 |     77 |   4057 |   6 |  825.8 |
        Temple |    169 |     72 |     97 |      0 |     63 |   1 |  169.0 |
               +--------+--------+--------+--------+--------+-----+--------+

Top non-repeatable levels by time:
     D:5: 1339 daAuts
     D:2: 935 daAuts
     D:1: 873 daAuts
     D:3: 863 daAuts
     D:4: 855 daAuts
  Temple: 169 daAuts
     D:6: 87 daAuts
